 Dungeon Crawl Stone Soup version 0.29-a0-472-ge5599a681e (webtiles) character file.

Game seed: 2838496843126616524

114 pokeman the Magician (level 4, -1/25 HPs)
             Began as a Deep Elf Hedge Wizard on May 21, 2022.
             Killed by nerve-wracking pain
             ... invoked by Grinder
              (10 damage)
             ... on level 3 of the Dungeon on May 22, 2022.
             The game lasted 00:04:39 (3100 turns).

pokeman the Magician (Deep Elf Hedge Wizard)        Turns: 3100, Time: 00:04:40

Health: -1/25      AC:  3    Str:  7    XL:     4   Next: 67%
Magic:  6/13       EV: 12    Int: 21    God:
Gold:   90         SH:  0    Dex: 14    Spells: 3/14 levels left

rFire   . . .      SeeInvis +   m - +0 dagger (venom)
rCold   . . .      Faith    .   (no shield)
rNeg    . . .      Spirit   .   q - +0 leather armour
rPois   .          Reflect  .   c - +0 hat
rElec   .          Harm     .   (no cloak)
rCorr   .          Rampage  .   (no gloves)
Will    .....                   (no boots)
Stlth   ++........              (no amulet)
HPRegen 0.08/turn               k - ring of see invisible
MPRegen 0.13/turn               (no ring)

@: no status effects
A: no striking features
a: no special abilities


You were on level 3 of the Dungeon.
You visited 1 branch of the dungeon, and saw 3 of its levels.

You collected 90 gold pieces.

Inventory:

Hand Weapons
 m - a +0 dagger of venom (weapon)
Armour
 c - a +0 hat (worn)
 q - a +0 leather armour (worn)
Magical Staves
 h - a staff of cold
Jewellery
 k - a ring of see invisible (left hand)
Scrolls
 b - a scroll of blinking {unknown}
 e - a scroll of fear {unknown}
 i - 4 scrolls of identify {unknown}
 j - a scroll of immolation {unknown}
 l - a scroll of summoning {unknown}
 o - a scroll of silence {unknown}
 p - 2 scrolls of fog {unknown}
Potions
 a - a potion of lignification {unknown}
 d - a potion of magic
 f - a potion of resistance {unknown}
 g - 3 potions of heal wounds {unknown}
 n - a potion of brilliance {unknown}
 r - a potion of might {unknown}
 s - a potion of curing {unknown}


   Skills:
 - Level 1.0 Fighting
 - Level 1.0 Armour
 + Level 2.7 Dodging
 - Level 2.4 Stealth
 * Level 5.9 Spellcasting
 + Level 2.3 Conjurations
 - Level 1.1 Summonings
 - Level 1.1 Translocations
 + Level 0.9 Fire Magic


You had 3 spell levels left.
You knew the following spells:

 Your Spells              Type           Power      Damage    Failure   Level
a - Magic Dart            Conj           64%        1d6       5%          1
b - Mephitic Cloud        Conj/Pois/Air  9%         N/A       30%         3
c - Call Imp              Summ           10%        N/A       14%         2
d - Blink                 Tloc           20%        N/A       14%         2
e - Conjure Flame         Conj/Fire      13%        6-21      22%         3

Your spell library contained the following spells:

 Spells                   Type           Power      Damage    Failure   Level
 Slow                     Hex            24%        N/A       14%         1


Dungeon Overview and Level Annotations

Branches:
Dungeon (3/15)

Altars:
Yredelemnul

Annotations:
D:3 Grinder


Message History

Grinder completely misses your white imp.
Grinder hits your white imp but does no damage.
Grinder hits your white imp.
Your white imp is no longer paralysed.
Your white imp gestures at Grinder.
The puff of frost hits Grinder.
Grinder resists.
Grinder hits your white imp.
Your white imp hits Grinder.
Your white imp freezes Grinder.
Grinder completely resists.
Grinder barely misses your white imp.
Your white imp gestures at Grinder.
The puff of frost hits Grinder.
Grinder completely resists.
Grinder blinks!
Casting: Call Imp (safe; 14% risk of failure)
Confirm with . or Enter, or press ? or * to list all spells.
Aiming: Magic Dart (safe; 5% risk of failure)
Press: ? - help, Shift-Dir - straight line, f/p - Grinder
Aim: Grinder (heavily wounded, not watching you, ally target, 100% to hit)
The magic dart hits Grinder but does no damage.
Grinder is heavily wounded.
Your white imp hits Grinder.
Your white imp freezes Grinder.
Grinder completely resists.
Casting: Magic Dart (safe; 5% risk of failure)
Confirm with . or Enter, or press ? or * to list all spells.
Aiming: Magic Dart (safe; 5% risk of failure)
Press: ? - help, Shift-Dir - straight line, f/p - Grinder
Aim: Grinder (heavily wounded, ally target, 100% to hit)
The magic dart hits Grinder but does no damage.
Grinder is heavily wounded.
Your white imp disappears in a puff of smoke!
Grinder says, "FISH!"
Grinder gestures at you.
You suddenly lose the ability to move!
Grinder hits you.
You writhe in agony.
Grinder hits you but does no damage. Grinder hits you.
You writhe in agony.
You can move again.
Grinder says, "You look like you could use a good racking."
Grinder gestures at you. You resist with significant effort.
Grinder gestures at you. Pain shoots through your body!
You die...

#.#.#.. .....#
#.#.#.####..#.#
#
.............#.#
.........5....#
........#.####
........#..# ##
.#....#.#.## #.
#.##.#.#.# #.
#....#@#.# #.
#....#...# ##.
#......#.# #..
#).†...#.# #..
..........#.#
#..
....########.#
#..
....+........#
#.# ...
##..).#..# #.#
... #.....#..#
#.#


You could see Grinder.

Vanquished Creatures
  Natasha (D:3)
  5 adders
  2 worms
  A dart slug (D:2)
  2 endoplasms
  3 giant cockroaches (D:3)
  3 goblins
  A hobgoblin (D:2)
  8 kobolds
  4 ball pythons
  4 bats
  2 frilled lizards
  6 rats (D:2)
42 creatures vanquished.

Notes
Turn   | Place    | Note
-------+----------+-------------------------------------------
     0 | D:1      | pokeman the Deep Elf Hedge Wizard began the quest for the
                  | Orb.
     0 | D:1      | Reached XP level 1. HP: 10/10 MP: 7/7
   650 | D:1      | Reached XP level 2. HP: 15/15 MP: 5/9
  1224 | D:2      | Found a basalt altar of Yredelemnul.
  1552 | D:2      | Reached skill level 5 in Spellcasting
  1701 | D:2      | Reached XP level 3. HP: 16/20 MP: 11/11
  1707 | D:2      | Learned a level 3 spell: Mephitic Cloud
  1710 | D:2      | Learned a level 2 spell: Call Imp
  1713 | D:2      | Learned a level 2 spell: Blink
  1717 | D:2      | Learned a level 3 spell: Conjure Flame
  2210 | D:3      | Reached skill level 1 in Fighting
  2210 | D:3      | Reached skill level 1 in Armour
  2328 | D:3      | Reached XP level 4. HP: 25/25 MP: 10/13
  2460 | D:3      | Noticed Natasha
  2471 | D:3      | Killed Natasha
  2481 | D:3      | Upgraded the game from 0.29-a0-468-ge57f7f99b4 to
                  | 0.29-a0-472-ge5599a681e
  3031 | D:3      | Noticed Grinder
  3088 | D:3      | Paralysed by Grinder for 5 turns
  3100 | D:3      | Killed from afar by Grinder

Illustrated notes

Levels and vault maps discovered:
D:1:      psy_arrival_basics, layout_loops_corners, serial_bayou_pond_d
D:2:      layout_basic, basic_altar, feat_on_display
D:3:      layout_basic, uniq_natasha, uniq_grinder

Skill      XL: |  1  2  3 |
---------------+----------+-----
Spellcasting   | 5 |  5.9
Fighting       | 1 |  1.0
Armour         | 1 |  1.0
Conjurations   | 2 |  2.3
Dodging        | |  2.7
Stealth        | |  2.4
Summonings     | |  1.1
Translocations | |  1.1
Fire Magic     | |  0.9

Action                   |  1- 3 |  4- 6 || total
-------------------------+-------+-------++-------
Melee: Dagger            |    16 |    15 ||    31
 Cast: Magic Dart        |    71 |    24 ||    95
       Mephitic Cloud    |       |     2 ||     2
       Call Imp          |       |     2 ||     2
 Stab: Sleeping          |     2 |     1 ||     3
       Distracted        |     1 |       ||     1
Armor: Robe              |     3 |       ||     3
       Leather armour    |     5 |     4 ||     9
Dodge: Dodged            |    18 |     8 ||    26

Table legend: (Time is in decaauts)
 A = Elapsed time spent in this place.
 B = Non-inter-level travel time spent in this place.
 C = Inter-level travel time spent in this place.
 D = Time resting spent in this place.
 E = Time spent auto-exploring this place.
 F = Levels seen in this place.
 G = Mean time per level.
                   A        B        C        D        E       F      G
               +--------+--------+--------+--------+--------+-----+--------+
         Total |   3098 |   3011 |     87 |     12 |   2637 |   3 | 1032.7 |
       Dungeon |   3098 |   3011 |     87 |     12 |   2637 |   3 | 1032.7 |
               +--------+--------+--------+--------+--------+-----+--------+

Top non-repeatable levels by time:
     D:2: 1128 daAuts
     D:1: 1078 daAuts
     D:3: 892 daAuts
